Map: Taito Citadel LE

Players

HoldTheDoor - Winner!

  • Race: Protoss Protoss
  • League: Diamond
  • Spawn Location: 11:00

Teodore

  • Race: Zerg Zerg
  • League: Diamond
  • Spawn Location: 5:00

VOD

Have the link to the VOD?

Description

Time

  • Played on: May 15, 2026, 1:21 p.m.
  • Length: 9:49
Show
View Real Time Build Order
Export as new Build Order

HoldTheDoor Protoss - Winner!

Build Orders: 1 Gate Expand, Zealot Archon, Archon Drop, Dark Templar Rush 

Get SALT Encoding   

  12  0:00  Probe  
  13  0:12  Probe  
  14  0:21  Pylon  
  14  0:24  Probe  
  15  0:35  Probe  
  15  0:42  Gateway  
  16  0:43  Probe  
  17  0:50  Assimilator  
  17  0:53  Probe  
  18  1:05  Probe  
  19  1:24  Nexus  
  19  1:31  Cybernetics Core  
  19  1:35  Probe  
  20  1:40  Assimilator  
  20  1:45  Pylon  
  20  1:49  Probe  
  21  1:56  Stalker  
  21  2:00  Warp Gate  
  21  2:01  Probe  
  24  2:13  Probe  
  25  2:26  Probe, Adept  
  29  2:37  Probe  
  29  2:38  Probe  
  30  2:49  Probe  
  30  2:50  Gateway  
  31  2:51  Twilight Council  
  31  2:55  Probe  
  32  3:01  Probe  
  32  3:03  Assimilator  
  33  3:07  Robotics Facility  
  33  3:08  Probe  
  34  3:15  Probe  
  35  3:20  Probe  
  35  3:22  Pylon  
  36  3:27  Probe  
  36  3:33  Probe  
  38  3:39  Probe  
  38  3:40  Dark Shrine  
  39  3:44  Pylon  
  39  3:46  Warp Prism  
  39  3:49  Gateway  
  39  4:00  Probe  
  39  4:01  Probe  
  43  4:09  Gateway  
  43  4:13  Probe x2  
  45  4:24  Pylon  
  45  4:25  Probe x2  
  45  4:27  Adept x2  
  51  4:37  Probe  
  52  4:41  Pylon  
  52  4:54  Dark Templar x3  
  58  5:13  Dark Templar  
  60  5:32  Charge  
  60  5:33  Immortal  
  60  5:35  Probe  
  65  5:46  Pylon  
  65  5:48  Nexus  
  65  5:49  Archon x2  
  65  5:51  Probe  
  65  5:53  Probe  
  67  5:59  Forge  
  67  6:02  Gateway  
  67  6:04  Gateway  
  67  6:07  Gateway  
  67  6:08  Probe x2  
  69  6:11  Gateway x2  
  69  6:12  Gateway  
  69  6:13  Protoss Ground Weapons Level 1  
  69  6:20  Probe x2  
  71  6:36  Probe x2  
  71  6:38  Pylon  
  73  6:41  Pylon  
  73  6:43  Pylon  
  73  6:46  Immortal  
  77  6:48  Probe x2  
  79  6:57  Pylon  
  79  7:00  Probe  
  79  7:01  Probe  
  81  7:07  Zealot  
  81  7:08  Zealot x5  
  89  7:09  Zealot x2  
  89  7:10  Zealot  
  89  7:12  Probe  
  89  7:13  Probe  
  89  7:14  Zealot  
  103  7:18  Probe  
  104  7:25  Probe, Immortal  
  109  7:39  Photon Cannon  
  109  7:42  Photon Cannon  
  109  7:45  Photon Cannon  
  109  7:47  Shield Battery  
  109  7:48  Shield Battery  
  109  7:53  Photon Cannon  
  109  7:55  Dark Templar  
  109  7:56  Dark Templar x3  
  117  8:01  Templar Archives  
  117  8:04  Observer  
  118  8:07  Photon Cannon  
  118  8:11  Archon x2  
  118  8:15  Zealot  
  118  8:16  Zealot x4  
  118  8:17  Zealot  
  130  8:23  Assimilator  
  130  8:33  Photon Cannon  
  130  8:39  Photon Cannon  
  130  8:41  Photon Cannon  
  130  8:42  Pylon  
  130  8:44  Pylon  
  130  8:49  High Templar  
  132  8:57  Pylon  
  132  8:59  Pylon  
  132  9:00  High Templar x2  
  132  9:01  High Templar x2  
  140  9:04  Zealot  
  140  9:05  Zealot x3  
  140  9:08  Archon x2  
  148  9:17  Zealot  
  148  9:20  Pylon  
  148  9:22  Pylon  
  148  9:29  Zealot  
  148  9:30  Zealot x4  
Show
View Real Time Build Order
Export as new Build Order

Teodore Zerg 

Build Orders: Hatch First 

Get SALT Encoding   

  12  0:03  Drone  
  13  0:12  Overlord  
  13  0:17  Drone  
  14  0:30  Drone x2  
  16  0:36  Drone  
  17  0:51  Hatchery  
  16  1:09  Spawning Pool  
  15  1:12  Drone  
  16  1:20  Drone x2  
  18  1:33  Drone  
  19  1:46  Drone x2  
  21  2:02  Queen  
  21  2:03  Overlord x2  
  23  2:10  Queen  
  25  2:20  Drone x2  
  25  2:21  Drone  
  28  2:32  Drone  
  28  2:33  Drone  
  30  2:37  Queen  
  32  2:45  Queen  
  32  2:49  Extractor  
  33  2:51  Extractor  
  32  3:00  Hatchery  
  32  3:01  Drone  
  32  3:02  Drone  
  32  3:04  Drone  
  35  3:05  Drone  
  35  3:08  Drone  
  35  3:11  Drone  
  37  3:38  Drone x6  
  43  3:46  Queen, Evolution Chamber  
  43  3:47  Evolution Chamber, Overlord  
  43  3:49  Overlord  
  43  4:03  Metabolic Boost  
  43  4:17  Zerg Ground Armor Level 1  
  43  4:31  Zerg Melee Weapons Level 1  
  43  4:32  Zergling x10  
  43  4:33  Zergling x10  
  53  4:39  Drone x6  
  59  5:01  Lair  
  59  5:05  Spore Crawler  
  58  5:07  Spore Crawler  
  58  5:13  Drone x9, Spore Crawler  
  61  5:32  Roach Warren  
  60  5:50  Extractor  
  60  5:51  Drone x2, Extractor, Overlord  
  60  5:52  Overlord x3  
  60  6:00  Overseer  
  60  6:13  Roach  
  60  6:14  Roach x5  
  72  6:24  Hatchery  
  71  6:31  Overseer  
  65  6:46  Hydralisk Den  
  64  6:49  Zerg Melee Weapons Level 2  
  64  6:50  Spire, Zerg Ground Armor Level 2  
  63  6:55  Drone x10  
  73  7:12  Drone  
  74  7:23  Roach  
  74  7:24  Roach x5  
  74  7:29  Hatchery  
  85  7:35  Evolution Chamber  
  84  7:38  Grooved Spines  
  84  7:41  Roach x4  
  84  7:43  Queen  
  94  7:52  Drone x4  
  98  8:05  Overlord x5  
  98  8:17  Spore Crawler  
  97  8:24  Glial Reconstitution  
  97  8:28  Muscular Augments  
  97  8:31  Infestation Pit  
  97  8:33  Drone  
  97  8:34  Drone x11  
  102  8:38  Hydralisk x2  
  102  8:39  Hydralisk  
  102  8:41  Hydralisk  
  114  8:45  Hydralisk  
  114  8:47  Zergling x4  
  120  8:54  Hydralisk x3  
  126  9:04  Hydralisk  
  126  9:05  Hydralisk x3  
  134  9:11  Extractor  
  134  9:14  Extractor  
  132  9:19  Roach x3  
  132  9:20  Roach  
Tags
 
Add a new tag
Caveats
  • Supply blocks, unpowered buildings, or Contaminate may cause inaccurate times.
  • Supply counts are checked every 10 seconds.